 Dungeon Crawl Stone Soup version 0.30-a0-622-gddc90eaa04 (webtiles) character file.

Game seed: 12609438995687517669

18 Dirtsage the Insei (level 2, -2/18 HPs)
             Began as an Octopode Transmuter on Jan 10, 2023.
             Slain by a gnoll
             ... wielding a +0 spear
              (11 damage)
             ... on level 1 of the Dungeon.
             The game lasted 00:01:03 (235 turns).

Dirtsage the Insei (Octopode Transmuter)             Turns: 235, Time: 00:01:04

Health: -2/18      AC:  1    Str:  9    XL:     2   Next: 66%
Magic:  4/5        EV: 13    Int: 15    God:
Gold:   29         SH:  0    Dex: 12    Spells: 4/5 levels left

rFire   . . .      SeeInvis .      - Unarmed
rCold   . . .      Faith    .    (no shield)
rNeg    . . .      Spirit   .    (helmet currently unavailable)
rPois   .          Reflect  .    (no amulet)
rElec   .          Harm     .    (no ring)
rCorr   .          Rampage  .    (no ring)
Will    .....                    (no ring)
Stlth   ++                       (no ring)
HPRegen 0.23/turn                (no ring)
MPRegen 0.09/turn                (no ring)
                                 (no ring)
                                 (no ring)

@: appendages
A: tentacle spike 3, almost no armour, amphibious, 8 rings, camouflage 1,
gelatinous body 1, (nimble swimmer 1), tentacles
a: End Transformation


You were on level 1 of the Dungeon.
One of your tentacles had grown a beastly spike.
You visited 1 branch of the dungeon, and saw 1 of its levels.

You collected 29 gold pieces.

Inventory:

Jewellery
 b - a ring of fire
Scrolls
 e - a scroll of blinking {unknown}
 f - a scroll of identify {unknown}
Potions
 a - a potion of lignification
 c - a potion of curing {unknown}
 d - a potion of degeneration {unknown}


   Skills:
 - Level 1.0 Fighting
 - Level 2.0 Dodging
 - Level 3.0 Unarmed Combat
 - Level 2.0 Spellcasting
 * Level 2.6 Transmutations
 * Level 1.4 Ice Magic


You had 4 spell levels left.
You knew the following spells:

 Your Spells              Type           Power      Damage    Failure   Level
a - Beastly Appendage     Tmut           18%        N/A       8%          1

Your spell library contained the following spells:

 Spells                   Type           Power      Damage    Failure   Level
 Wereblood                Tmut           9%         N/A       12%         2
 Spider Form              Tmut/Pois      5%         N/A       36%         3
 Ice Form                 Ice/Tmut       7%         N/A       67%         4


Dungeon Overview and Level Annotations

Branches:
Dungeon (1/15)

Altars:


Innate Abilities, Weirdness & Mutations

One of your tentacles has grown a beastly spike.
You cannot wear most types of armour.
You are amphibious.
You can wear up to eight rings at the same time.
Your skin changes colour to match your surroundings (Stealth+).
Your rubbery body absorbs attacks. (AC +1, EV +1)
((You are camouflaged when in or above water. (Stealth+)))
You have tentacles for arms and can constrict up to eight enemies at once.


Message History

The ball python bites you. The ball python grabs you.
The ball python constricts you.
You take 3 damage, and have 15/18 hp.
You tentacle-slap the ball python.
You kill the ball python!
No target in view!
Your transformation is almost over.
MP restored: 5
d - a lumpy white potion Health restored: 18 Your tentacle spike disappears.
A rat comes into view.
A rat is nearby!
You see here 10 gold pieces.
You tentacle-slap the rat. You grab the rat. You squeeze the rat.
You kill the rat!
No target in view!
You now have 19 gold pieces (gained 10).
e - a scroll labelled QEBRANUMOA
f - a scroll labelled CESUAHEALE You now have 29 gold pieces (gained 10).
A quokka and a gnoll come into view.
There are monsters nearby!
Casting: Beastly Appendage (safe; 8% risk of failure)
Confirm with . or Enter, or press ? or * to list all spells.
One of your tentacles grows a vicious spike.
You now have 4/5 mp.
The helpless gnoll fails to defend itself.
You tentacle-slap the gnoll but do no damage.
Your grab misses the gnoll. Your squeeze misses the gnoll.
The gnoll hits you with a +0 spear!
Ouch! That really hurt!
You take 9 damage, and have 9/18 hp.
MASSIVE DAMAGE!!
You closely miss the gnoll. You grab the gnoll.
You pierce the gnoll.
You squeeze the gnoll!
The gnoll is heavily wounded.
You constrict the gnoll. The quokka closely misses you.
The gnoll hits you with a +0 spear!
Ouch! That really hurt!
You die...

#.. # #.. # .# #.. ###.
####. #.. ....## #...
..# #.. #.....##..
#.#######..
#........#####.#........
#......gr##.............
#......@.##.##.#........
#.....#..##.##.#######..
##### #........# ### #..
#...........###.###.(
#.##.#....#.##...##.. #
#.#....#.#........
.......#.##.......
####..###.###.#.###
#........#.#.# #


You could see a gnoll and a quokka.

Vanquished Creatures
  A gnoll (D:1)
  2 ball pythons (D:1)
  A bat (D:1)
  3 endoplasms (D:1)
  A rat (D:1)
8 creatures vanquished.

Notes
Turn   | Place    | Note
-------+----------+-------------------------------------------
     0 | D:1      | Dirtsage the Octopode Transmuter began the quest for the
                  | Orb.
     0 | D:1      | Reached XP level 1. HP: 13/13 MP: 3/3
    78 | D:1      | Reached skill level 1 in Ice Magic
    78 | D:1      | Reached XP level 2. HP: 7/18 MP: 3/5
   235 | D:1      | Slain by a gnoll

Illustrated notes

Levels and vault maps discovered:
D:1:      minmay_arrival_checkered_box, layout_loops_cross

Skill      XL: |  1 |
---------------+----+-----
Ice Magic      | 1 |  1.4
Fighting       | |  1.0
Dodging        | |  2.0
Unarmed Combat | |  3.0
Spellcasting   | |  2.0
Transmutations | |  2.6

Action                   || total
-------------------------++-------
Melee: Unarmed           ||    17
       Kick              ||     7
       Constrict         ||     4
       Tentacles         ||     3
 Cast: Beastly Appendage ||     6
 Stab: Sleeping          ||     2
Dodge: Dodged            ||     3

Table legend: (Time is in decaauts)
 A = Elapsed time spent in this place.
 B = Non-inter-level travel time spent in this place.
 C = Inter-level travel time spent in this place.
 D = Time resting spent in this place.
 E = Time spent auto-exploring this place.
 F = Levels seen in this place.
 G = Mean time per level.
                   A        B        C        D        E       F      G
               +--------+--------+--------+--------+--------+-----+--------+
         Total |    234 |    234 |      0 |     13 |    145 |   1 |  234.0 |
       Dungeon |    234 |    234 |      0 |     13 |    145 |   1 |  234.0 |
               +--------+--------+--------+--------+--------+-----+--------+

Top non-repeatable levels by time:
     D:1: 234 daAuts
